 Dungeon Crawl Stone Soup version 0.17-a0-81-g781747f (webtiles) character file.

43330 Ngotmuk the Blocker (level 13, -29/122 HPs)
             Began as a Minotaur Fighter on Mar 15, 2015.
             Was the Champion of Cheibriados.
             Annihilated by a white ugly thing (42 damage)
             ... on level 15 of the Dungeon.
             The game lasted 00:58:14 (12031 turns).

Ngotmuk the Blocker (Minotaur Fighter)             Turns: 12031, Time: 00:58:15

Health: -29/122    AC: 18    Str: 44    XL:     13   Next: 90%
Magic:  1/1        EV: 23    Int: 20    God:    Cheibriados [******]
Gold:   931        SH: 18    Dex: 26    Spells: 0 memorised, 12 levels left

rFire  + + .     SeeInvis .     D - +1 flail (antimagic)
rCold  x . .     Clarity  .     M - +0 fire dragon armour
rNeg   + . .     SustAb   +     c - +1 shield
rPois  .         Gourm    .     (helmet unavailable)
rElec  .         Spirit   .     h - +0 cloak
rCorr  .         Warding  .     g - +1 pair of gloves
rMut   .         Stasis   .     F - +0 pair of boots
MR     .....                    J - amulet "Tiopn" {Regen+ Int+2} (curse)
Stlth  ..........               B - ring of sustain abilities
                                u - ring of positive energy

@: very slow, not resistant to hostile enchantments, extremely unstealthy
A: retaliatory headbutt, beak, horns 3, blink 1, dopey 1, strong 2, wild magic
1, MP-powered wands 1
a: Blink, Bend Time, Temporal Distortion, Slouch, Step From Time, Renounce
Religion


You were on level 15 of the Dungeon.
You worshipped Cheibriados.
Cheibriados was exalted by your worship.
You were not hungry.

You visited 2 branches of the dungeon, and saw 16 of its levels.

You collected 931 gold pieces.

Inventory:

Hand weapons
 D - a +1 antimagic flail (weapon)
Armour
 c - a +1 shield (worn)
 g - a +1 pair of gloves (worn)
 h - a +0 cloak (worn)
 F - a +0 pair of boots (worn)
 M - a +0 fire dragon armour (worn)
Jewellery
 l - an uncursed ring of protection from magic
 u - a ring of positive energy (left hand)
 B - a ring of sustain abilities (right hand)
 J - the cursed amulet "Tiopn" (around neck) {Regen+ Int+2}
   (You found it on level 14 of the Dungeon)

   [amulet of regeneration]

   It affects your intelligence (+2).
   It increases your rate of regeneration.
   It has a curse placed upon it.
Scrolls
 a - 2 scrolls of recharging
 f - 5 scrolls of identify
 i - a scroll of teleportation
 k - 3 scrolls of amnesia
 n - 3 scrolls of magic mapping
 p - 5 scrolls of remove curse
 v - a scroll of fear
 w - 2 scrolls of enchant weapon
 y - 2 scrolls of blinking
 A - 2 scrolls of fog
Potions
 b - 2 potions of ambrosia
 e - 5 potions of might
 m - a potion of cure mutation
 o - 3 potions of brilliance
 r - a potion of flight
 t - 3 potions of curing
 z - 2 potions of magic
 C - a potion of restore abilities
 K - a potion of invisibility
Comestibles
 d - 12 bread rations
 q - 5 meat rations
 s - 5 slices of pizza
 G - a beef jerky


   Skills:
 + Level 13.2 Fighting
 + Level 13.0 Maces & Flails
 + Level 13.0 Armour
 + Level 11.9 Dodging
 + Level 13.3 Shields


You had 12 spell levels left.
You didn't know any spells.

Dungeon Overview and Level Annotations

Branches:
Dungeon (15/15)            Temple (1/1) D:6            Lair (0/8) D:11
    Orc (0/4) D:9          Vaults (0/5) D:13
 Depths: D:15

Altars:
Ashenzari
Cheibriados
Dithmenos
Elyvilon
Fedhas
Gozag
Kikubaaqudgha
Makhleb
Nemelex Xobeh
Okawaru
Qazlal
Ru
Sif Muna
Trog
Vehumet
Xom
Yredelemnul
Zin
The Shining One

Portals:
Trove: D:13 (give +2 gold dragon armour)


Innate Abilities, Weirdness & Mutations

You reflexively headbutt those who attack you in melee.
You have a pair of large horns on your head.
You have a beak for a mouth.
You can translocate small distances at will.
You are dopey. (Int -2)
Your muscles are very strong. (Str +4)
Your spells are a little harder to cast, but a little more powerful.
You expend magic power (3 MP) to slightly strengthen your wands.


Message History

The fire dragon dies!
The blast of flame hits you! You resist.
* * * LOW HITPOINT WARNING * * *
You block the white ugly thing's attack.
The fire dragon closely misses you. You furiously retaliate!
You headbutt the fire dragon!! The fire dragon barely misses you.
The fire dragon completely misses you.
The white ugly thing closely misses you.
You furiously retaliate!
You headbutt the white ugly thing! The fire dragon breathes flames at you.
The blast of flame hits you! You resist.
* * * LOW HITPOINT WARNING * * *
You see here a fire dragon corpse.
You closely miss the white ugly thing.
You peck the white ugly thing, but do no damage.
The white ugly thing is lightly wounded.
The white ugly thing tentacle-slaps you.
* * * LOW HITPOINT WARNING * * *
The white ugly thing freezes you!!!
You feel a terrible chill!
You die...

.....##### #. .......#.##
##. ..........## #..
...........## ##.
........##..## ##
#......###...# ###. ########
##..## ##... ##...########
###.... ###....†u@....#
##......
#.......D###....).#.......
...##....#############......
+.# ##...#.#.#...#.#.#......
#.....#...#...#........
#...#...#.#.#...#<.....
#..D#...#.#.#...#......
#.....#...#...#...#..##
#...#.#.#...#.#.###.###


You could see a fire dragon and a white ugly thing.

Vanquished Creatures
  A fire dragon (D:15)
  4 hydras
  2 dancing weapons (D:13)
  6 centaur warriors
  A tengu warrior (D:14)
  Urug (D:14)
  4 skeletal warriors (D:13)
  4 unseen horrors
  3 hill giants
  A griffon (D:14)
  3 cyclopes (D:14)
  11 ugly things
  2 manticores
  An elephant (D:11)
  5 centaur zombies
  A kobold demonologist (D:14)
  8 centaur skeletons
  2 komodo dragons
  4 trolls
  An efreet (D:14)
  A freezing wraith (D:14)
  7 slime creatures
  3 ravens (D:14)
  4 two-headed ogres
  3 wraiths
  2 deep elf magi (D:14)
  7 yaks (D:11)
  Grum (D:12)
  3 wyverns
  5 hippogriffs
  4 hungry ghosts
  A steam dragon (D:12)
  8 vampire mosquitoes
  A fire elemental (D:15)
  A mottled dragon (D:14)
  3 wolves (D:12)
  8 ice beasts
  2 necrophages
  2 black bears
  An eye of draining (D:12)
  4 sky beasts
  6 orc warriors
  3 wasps
  7 ogres
  A vampire mosquito zombie (D:15)
  10 giant frogs
  3 crocodiles
  2 big kobolds
  16 centaurs
  7 scorpions
  5 wights
  17 killer bees
  3 quasits
  A giant frog zombie (D:10)
  A goliath beetle (shapeshifter) (D:13)
  8 crimson imps
  4 goliath beetles
  2 jellies
  An iron imp (D:4)
  3 giant frog skeletons
  7 hounds
  6 orc priests
  A gnoll shaman (D:6)
  3 iguanas
  11 orc wizards
  15 worker ants
  2 hound zombies
  A mummy (D:15)
  11 adders
  11 gnolls
  2 river rats (D:4)
  4 shadow imps
  2 worms (D:2)
  3 ufetubi (D:4)
  2 adder zombies
  8 giant geckos
  49 orcs
  A bat skeleton (D:7)
  13 goblins
  17 hobgoblins
  12 jackals
  16 bats
  4 giant cockroaches
  A giant cockroach zombie (D:6)
  A giant newt (D:2)
  A jackal zombie (D:9)
  27 kobolds
  2 orc zombies (D:9)
  8 quokkas
  A quokka skeleton (D:4)
  20 rats
  13 ballistomycetes
  A bush (D:2)
512 creatures vanquished.

Vanquished Creatures (others)
  A fire dragon (D:15)
  Eustachio (D:4)
  A centaur (D:13)
  4 giant spores
  A butterfly (D:6)
  2 plants
10 creatures vanquished.

Grand Total: 522 creatures vanquished

Notes
Turn   | Place    | Note
--------------------------------------------------------------
     0 | D:1      | Ngotmuk, the Minotaur Fighter, began the quest for the Orb.
     0 | D:1      | Reached XP level 1. HP: 19/19 MP: 1/1
   194 | D:1      | Reached XP level 2. HP: 25/27 MP: 1/1
   303 | D:1      | Reached skill level 1 in Dodging
   512 | D:2      | Reached skill level 4 in Armour
   512 | D:2      | Reached XP level 3. HP: 28/33 MP: 2/2
   533 | D:2      | Reached XP level 4. HP: 35/40 MP: 2/2
  1197 | D:2      | Reached XP level 5. HP: 44/47 MP: 2/2
  2058 | D:4      | Noticed an ogre
  2063 | D:4      | Killed an ogre
  2065 | D:4      | Reached skill level 5 in Fighting
  2065 | D:4      | Reached skill level 5 in Armour
  2065 | D:4      | Reached XP level 6. HP: 54/56 MP: 3/3
  2099 | D:4      | Noticed Eustachio
  2161 | D:4      | Killed Eustachio
  2161 | D:4      | Reached skill level 5 in Shields
  2543 | D:4      | Gained mutation: You have a beak for a mouth. [potion of mutation]
  2543 | D:4      | Gained mutation: You have supernaturally acute eyesight. [potion of mutation]
  2543 | D:4      | Gained mutation: You tend to lose your temper in combat. [potion of mutation]
  2708 | D:5      | Entered Level 5 of the Dungeon
  2774 | D:5      | Reached XP level 7. HP: 54/61 MP: 3/3
  3133 | D:5      | Reached skill level 5 in Maces & Flails
  3300 | D:6      | Reached skill level 6 in Armour
  3543 | D:6      | Reached XP level 8. HP: 60/70 MP: 3/3
  3570 | D:6      | Found a staircase to the Ecumenical Temple.
  3577 | Temple   | Entered the Ecumenical Temple
  3774 | Temple   | Became a worshipper of Cheibriados the Contemplative
  4073 | D:6      | Reached skill level 5 in Dodging
  4743 | D:6      | Found a deep blue altar of Sif Muna.
  4802 | D:6      | Acquired Cheibriados' first power
  4857 | D:6      | Lost mutation: You tend to lose your temper in combat. [potion of cure mutation]
  4857 | D:6      | Lost mutation: You have supernaturally acute eyesight. [potion of cure mutation]
  4857 | D:6      | Lost mutation: You have a beak for a mouth. [potion of cure mutation]
  5030 | D:6      | Found a shimmering altar of Xom.
  5031 | D:6      | Found an ancient bone altar of Kikubaaqudgha.
  5087 | D:7      | Reached skill level 7 in Fighting
  5247 | D:7      | Reached XP level 9. HP: 70/79 MP: 4/4
  5455 | D:7      | Found a stormy altar of Qazlal.
  5542 | D:7      | Found a stormy altar of Qazlal.
  5898 | D:8      | Gained mutation: You have a pair of large horns on your head. [mutagenic meat]
  5899 | D:8      | Gained mutation: You can translocate small distances at will. [mutagenic meat]
  5900 | D:8      | Gained mutation: You have a beak for a mouth. [mutagenic meat]
  5928 | D:8      | Acquired Cheibriados' second power
  6048 | D:8      | Found a shattered altar of Ashenzari.
  6282 | D:9      | Reached skill level 8 in Fighting
  6344 | D:9      | Found a staircase to the Orcish Mines.
  6384 | D:9      | Acquired Cheibriados' third power
  6563 | D:9      | Reached XP level 10. HP: 90/90 MP: 4/4
  6567 | D:9      | Found a deep blue altar of Sif Muna.
  6567 | D:9      | Found a white marble altar of Elyvilon.
  6568 | D:9      | Found a glowing golden altar of the Shining One.
  6808 | D:10     | Entered Level 10 of the Dungeon
  6848 | D:10     | Noticed a hill giant
  6853 | D:10     | Killed a hill giant
  6863 | D:10     | Reached skill level 9 in Fighting
  6964 | D:10     | Acquired Cheibriados' fourth power
  7577 | D:11     | Found a staircase to the Lair.
  7577 | D:11     | Noticed an elephant
  7584 | D:11     | Reached XP level 11. HP: 97/99 MP: 4/4
  7592 | D:11     | Killed an elephant
  7592 | D:11     | Reached skill level 10 in Fighting
  7698 | D:11     | Noticed a hill giant
  7707 | D:11     | Killed a hill giant
  7707 | D:11     | Reached skill level 10 in Shields
  7826 | D:11     | Noticed a hill giant
  7826 | D:11     | Noticed a red ugly thing
  7831 | D:11     | Killed a red ugly thing
  7831 | D:11     | Reached skill level 10 in Armour
  7837 | D:11     | Killed a hill giant
  8113 | D:11     | Reached skill level 10 in Maces & Flails
  8191 | D:12     | Noticed a four-headed hydra
  8199 | D:12     | Killed a four-headed hydra
  8348 | D:12     | Found a shadowy altar of Dithmenos.
  8608 | D:12     | Noticed an eight-headed hydra
  8611 | D:12     | Killed an eight-headed hydra
  8649 | D:12     | Reached skill level 11 in Shields
  8771 | D:12     | Killed an unseen horror
  8792 | D:12     | Gained mutation: Your spells are a little harder to cast, but a little more powerful. [mutagenic meat]
  8839 | D:12     | Reached XP level 12. HP: 110/110 MP: 5/5
  8873 | D:12     | Noticed Grum
  8887 | D:12     | Killed Grum
  8933 | D:13     | Found a basalt altar of Yredelemnul.
  8970 | D:13     | Reached skill level 10 in Dodging
  8982 | D:13     | Gained mutation: You are dopey. (Int -2) [mutagenic meat]
  8995 | D:13     | Found a portal to a secret trove of treasure.
  9039 | D:13     | Noticed a centaur warrior
  9051 | D:13     | Killed a centaur warrior
  9231 | D:13     | Found a gate to the Vaults.
  9427 | D:13     | Noticed a centaur warrior
  9428 | D:13     | Killed a centaur warrior
  9551 | D:13     | Noticed a centaur warrior
  9555 | D:13     | Reached skill level 12 in Fighting
  9558 | D:13     | Killed a centaur warrior
 10217 | D:14     | Noticed a centaur warrior
 10223 | D:14     | Killed a centaur warrior
 10404 | D:14     | Reached XP level 13. HP: 113/118 MP: 5/5
 10588 | D:14     | Noticed Urug
 10594 | D:14     | Killed Urug
 10601 | D:14     | Gained mutation: Your muscles are strong. (Str +2) [mutagenic meat]
 10602 | D:14     | Gained mutation: Your muscles are very strong. (Str +4) [mutagenic meat]
 10604 | D:14     | Gained mutation: You expend magic power (3 MP) to slightly strengthen your wands. [mutagenic meat]
 11001 | D:14     | Got a steaming silver amulet
 11002 | D:14     | Identified the amulet "Tiopn" {Regen+ Int+2} (You found it on level 14 of the Dungeon)
 11259 | D:15     | Entered Level 15 of the Dungeon
 11558 | D:13     | Noticed a centaur warrior
 11564 | D:13     | Killed a centaur warrior
 11564 | D:13     | Reached skill level 13 in Shields
 12031 | D:15     | Annihilated by a white ugly thing

Action                   |  1- 3 |  4- 6 |  7- 9 | 10-12 | 13-15 || total
-------------------------+-------+-------+-------+-------+-------++-------
Melee: Flail             |    54 |   213 |   253 |       |    93 ||   613
       Mace              |       |       |    31 |   395 |    73 ||   499
  Use: Scroll            |       |     7 |     4 |     2 |    10 ||    23
       Potion            |       |     3 |     6 |     2 |     1 ||    12
 Stab: Distracted        |       |       |       |     1 |       ||     1
  Eat: Fruit             |       |     4 |       |     2 |     3 ||     9
       Meat ration       |       |     1 |       |     1 |       ||     2
       Pizza             |       |       |     1 |     3 |       ||     4
       Bread ration      |       |       |     2 |       |       ||     2
       Chunk             |       |       |     3 |     4 |     4 ||    11
       Beef jerky        |       |       |       |     1 |       ||     1
